 Dungeon Crawl Stone Soup version 0.28.0-43-g3370ac3207 (webtiles) character file.

Game seed: 15819565020031068311

120 croobank the Firebug (level 5, -8/37 HPs)
             Began as a Gnoll Fire Elementalist on Mar 16, 2022.
             Killed from afar by Natasha (10 damage)
             ... with a magic dart
             ... on level 3 of the Dungeon.
             The game lasted 00:07:39 (2813 turns).

croobank the Firebug (Gnoll Fire Elementalist)      Turns: 2813, Time: 00:07:42

Health: -8/37      AC:  3    Str:  4 (7)  XL:     5   Next: 4%
Magic:  1/12       EV: 13    Int: 15 (16) God:
Gold:   93         SH:  0    Dex: 11 (13) Spells: 7/14 levels left

rFire   . . .      SeeInvis .   q - +3 mace
rCold   . . .      Faith    .   (no shield)
rNeg    . . .      Spirit   .   a - +0 robe
rPois   .          Reflect  .   p - +0 helmet
rElec   .          Harm     .   (no cloak)
rCorr   .          Rampage  .   (no gloves)
Will    .....                   (no boots)
Stlth   ++........              (no amulet)
HPRegen 0.12/turn               (no ring)
MPRegen 0.13/turn               (no ring)

@: slowed, very slow
A: fangs 1, strong nose, distributed training
a: no special abilities


You were on level 3 of the Dungeon.
You visited 1 branch of the dungeon, and saw 4 of its levels.

You collected 93 gold pieces.

Inventory:

Hand Weapons
 d - a +0 short sword
 n - a +0 scimitar
 q - a +3 mace (weapon)
 s - a +0 war axe
Missiles
 e - 32 stones
 f - 55 sling bullets
 l - 47 arrows
Armour
 a - a +0 robe (worn)
 p - a +0 helmet (worn)
Magical Staves
 c - a staff of air
Jewellery
 u - a +4 ring of evasion
Scrolls
 g - a scroll of fog {unknown}
 i - a scroll of vulnerability {unknown}
 j - 2 scrolls of identify {unknown}
 t - a scroll of amnesia {unknown}
Potions
 h - a potion of brilliance {unknown}
 k - a potion of flight {unknown}
 m - a potion of haste {unknown}
 o - a potion of might {unknown}
 r - a potion of heal wounds {unknown}


   Skills:
 + Level 1.3 Fighting
 + Level 1.3 Short Blades
 + Level 1.3 Long Blades
 + Level 1.3 Axes
 + Level 1.3 Maces & Flails
 + Level 1.3 Polearms
 + Level 1.3 Staves
 + Level 1.3 Slings
 + Level 1.3 Bows
 + Level 1.3 Crossbows
 + Level 1.3 Throwing
 + Level 1.3 Armour
 + Level 4.7 Dodging
 + Level 4.3 Stealth
 + Level 1.3 Shields
 + Level 1.3 Unarmed Combat
 + Level 5.1 Spellcasting
 + Level 2.3 Conjurations
 + Level 1.0 Hexes
 + Level 1.0 Summonings
 + Level 1.0 Necromancy
 + Level 1.0 Translocations
 + Level 1.0 Transmutations
 + Level 5.5 Fire Magic
 + Level 1.0 Ice Magic
 + Level 1.0 Air Magic
 + Level 1.0 Earth Magic
 + Level 1.0 Poison Magic
 + Level 1.4 Invocations
 + Level 1.3 Evocations


You had 7 spell levels left.
You knew the following spells:

 Your Spells              Type           Power      Damage    Failure   Level
a - Foxfire               Conj/Fire      60%        2x1d7     3%          1
b - Scorch                Fire           40%        2d7       2%          2
c - Flame Wave            Conj/Fire      15%        2d6       32%         4

Your spell library contained the following spells:

 Spells                   Type           Power      Damage    Failure   Level
 Conjure Flame            Conj/Fire      15%        6-21      10%         3
 Static Discharge         Conj/Air       8%         N/A       12%         2
 Inner Flame              Hex/Fire       13%        N/A       12%         3
 Lightning Bolt           Conj/Air       4%         1d15      92%         5
 Maxwell's Capacitive Co  Air            3%         ∞         100%        8


Dungeon Overview and Level Annotations

Branches:
Dungeon (4/15)
 Temple: D:4-7

Altars:
Zin

Annotations:
D:3 Natasha


Innate Abilities, Weirdness & Mutations

You have very sharp teeth.
Your uncanny sense of smell can sniff out nearby items.
Your experience applies equally to all skills.


Message History

Confirm with . or Enter, or press ? or * to list all spells.
Flames lash the hound skeleton.
The hound skeleton is burned terribly!
You destroy the hound skeleton!
You feel yourself slow down.
You have reached level 5!
Casting: Scorch (safe; 2% risk of failure)
Confirm with . or Enter, or press ? or * to list all spells.
Flames lash the hobgoblin.
You kill the hobgoblin!
You hear some strange, mumbled words.
You feel as though you will be slow longer.
There is a stone staircase leading up here.
Something claws you. x2
You climb upwards.
Reactivating autopickup.
There is a stone staircase leading down here.
You start resting.
You hear some strange, mumbled words.
A magic dart appears from out of thin air!
Deactivating autopickup; reactivate with Ctrl-A.
The magic dart hits you.
Casting: Scorch (safe; 2% risk of failure)
Confirm with . or Enter, or press ? or * to list all spells.
Okay, then.
Something claws you but does no damage. Something claws you!
* * * LOW HITPOINT WARNING * * *
Casting: Scorch (safe; 2% risk of failure)
Confirm with . or Enter, or press ? or * to list all spells.
Flames lash something.
Something claws you!
* * * LOW HITPOINT WARNING * * *
Okay, then.
Okay, then.
It was a potion of degeneration.
There was something very wrong with that liquid.
You feel weakened.
You feel dopey.
You feel clumsy.
You hear some strange, mumbled words.
A magic dart appears from out of thin air!
The magic dart hits you!
You die...

#...†...#####...........#
#######
.............^#...#####.#
#......
#..........#####.##
#.###.##### #.......##.#
#.# #.)......#
#.#...#.##.# #.#
#####.##.## #.##.##.##.#
#.# #.##...
..##.#...#.#####.#
#.#####
####...#)........#### #.#
##.###)......@{>.# #.#
#..#...########.# #.# #
##...#.# #.# #.# #
#####.# #.#######.#
##########.# #.........#
...........# ###########
############


There were no monsters in sight!

Vanquished Creatures
  An orc wizard (D:3)
  A hound skeleton (D:4)
  An adder (D:3)
  2 worms (D:2)
  3 orcs (D:3)
  8 ball pythons
  4 bats
  7 endoplasms
  4 giant cockroaches
  4 goblins
  8 hobgoblins
  2 quokkas
  6 frilled lizards
  5 kobolds
  8 rats
64 creatures vanquished.

Vanquished Creatures (others)
  98 foxfires
98 creatures vanquished.

Grand Total: 162 creatures vanquished

Notes
Turn   | Place    | Note
-------+----------+-------------------------------------------
     0 | D:1      | croobank the Gnoll Fire Elementalist began the quest for
                  | the Orb.
     0 | D:1      | Reached XP level 1. HP: 13/13 MP: 6/6
   171 | D:1      | Reached XP level 2. HP: 19/19 MP: 4/7
   225 | D:1      | Learned a level 2 spell: Scorch
   776 | D:2      | Reached XP level 3. HP: 25/25 MP: 7/9
   836 | D:2      | Reached skill level 5 in Spellcasting
  1202 | D:2      | Reached skill level 1 in Invocations
  1911 | D:3      | Reached skill level 1 in Fighting
  1911 | D:3      | Reached skill level 1 in Short Blades
  1911 | D:3      | Reached skill level 1 in Long Blades
  1911 | D:3      | Reached skill level 1 in Axes
  1911 | D:3      | Reached skill level 1 in Maces & Flails
  1911 | D:3      | Reached skill level 1 in Polearms
  1911 | D:3      | Reached skill level 1 in Staves
  1911 | D:3      | Reached skill level 1 in Slings
  1911 | D:3      | Reached skill level 1 in Bows
  1911 | D:3      | Reached skill level 1 in Crossbows
  1911 | D:3      | Reached skill level 1 in Throwing
  1911 | D:3      | Reached skill level 1 in Armour
  1911 | D:3      | Reached skill level 1 in Shields
  1911 | D:3      | Reached skill level 1 in Unarmed Combat
  1911 | D:3      | Reached skill level 1 in Evocations
  1930 | D:3      | Reached XP level 4. HP: 32/32 MP: 6/11
  1986 | D:3      | Learned a level 4 spell: Flame Wave
  2082 | D:3      | Reached skill level 1 in Hexes
  2082 | D:3      | Reached skill level 1 in Summonings
  2082 | D:3      | Reached skill level 1 in Necromancy
  2082 | D:3      | Reached skill level 1 in Translocations
  2082 | D:3      | Reached skill level 1 in Transmutations
  2082 | D:3      | Reached skill level 1 in Ice Magic
  2082 | D:3      | Reached skill level 1 in Air Magic
  2082 | D:3      | Reached skill level 1 in Earth Magic
  2082 | D:3      | Reached skill level 1 in Poison Magic
  2430 | D:3      | Found a glowing silver altar of Zin.
  2430 | D:3      | Noticed an angel
  2799 | D:4      | Noticed Natasha
  2805 | D:4      | Reached XP level 5. HP: 31/37 MP: 3/12
  2813 | D:3      | Killed from afar by Natasha

Illustrated notes

Levels and vault maps discovered:
D:1:      dpeg_arrival_yet_another_circle, layout_rooms, minmay_tromino_v2
D:2:      layout_loops_cross, minmay_misc_feat_tiny
D:3:      layout_loops_ring, zin_angel
D:4:      layout_layer_cave, nrook_campfire, uniq_natasha

Skill      XL: |  1  2  3  4 |
---------------+-------------+-----
Conjurations   | 2 |  2.3
Spellcasting   | 5 |  5.1
Invocations    | 1 |  1.4
Fighting       | 1 |  1.3
Short Blades   | 1 |  1.3
Long Blades    | 1 |  1.3
Axes           | 1 |  1.3
Maces & Flails | 1 |  1.3
Polearms       | 1 |  1.3
Staves         | 1 |  1.3
Slings         | 1 |  1.3
Bows           | 1 |  1.3
Crossbows      | 1 |  1.3
Throwing       | 1 |  1.3
Armour         | 1 |  1.3
Shields        | 1 |  1.3
Unarmed Combat | 1 |  1.3
Evocations     | 1 |  1.3
Hexes          | 1 |  1.0
Summonings     | 1 |  1.0
Necromancy     | 1 |  1.0
Translocations | 1 |  1.0
Transmutations | 1 |  1.0
Ice Magic      | 1 |  1.0
Air Magic      | 1 |  1.0
Earth Magic    | 1 |  1.0
Poison Magic   | 1 |  1.0
Dodging        | |  4.7
Stealth        | |  4.3
Fire Magic     | |  5.5

Action                   |  1- 3 |  4- 6 || total
-------------------------+-------+-------++-------
Melee: Unarmed           |     8 |       ||     8
       Bite              |     6 |       ||     6
       Staff             |    21 |       ||    21
       Punch             |     1 |       ||     1
       Mace              |       |     5 ||     5
 Cast: Foxfire           |    51 |     7 ||    58
       Scorch            |    12 |    16 ||    28
       Flame Wave        |       |     1 ||     1
  Use: Potion            |       |     1 ||     1
 Stab: Sleeping          |     1 |       ||     1
Armor: Robe              |     5 |     3 ||     8
Dodge: Dodged            |    18 |    16 ||    34
